 Dungeon Sprint DCSS version 0.29-a0-330-g52719c12eb (webtiles) character file.

Game seed: 16960719817318670121

16232 jt the Imperceptible (level 12, -19/80 (84) HPs)
             Began as an Octopode Enchanter on May 7, 2022.
             Was an Initiate of Gozag.
             Killed from afar by an orc sorcerer (26 damage)
             ... with a bolt of negative energy
             ... while paralysed by an orc sorcerer
             ... in the Dungeon (Sprint IX: "|||||||||||||||||||||||||||||").
             The game lasted 00:11:38 (2378 turns).

jt the Imperceptible (Octopode Enchanter)           Turns: 2378, Time: 00:11:39

HP:   -19/80 (84)   AC:  1    Str: 13    XL:     12   Next: 35%
MP:   23/25         EV:  2    Int: 20    God:    Gozag
Gold: 6912          SH:  0    Dex: 15    Spells: 16/29 levels left

rFire   . . .      SeeInvis .   a - +2 rapier (drain)
rCold   . . .      Faith    .   (no shield)
rNeg    . . .      Spirit   .   (helmet restricted)
rPois   .          Reflect  .   (no amulet)
rElec   .          Harm     .   m - +3 ring of strength
rCorr   .          Rampage  .   n - +3 ring of strength
Will    .....      NoTele   +   (no ring)
Stlth   ++++++++++              (no ring)
HPRegen 0.23/turn               (no ring)
MPRegen 0.19/turn               (no ring)
                                (no ring)
                                (no ring)

@: paralysed, lightly drained
A: almost no armour, amphibious, 8 rings, camouflage 1, gelatinous body 1,
(nimble swimmer 1), tentacles
a: Renounce Religion, Potion Petition, Call Merchant, Bribe Branch


You were in the Dungeon.
You worshipped Gozag.
Gozag was greatly pleased with you.
You visited 1 branch You collected 8049 gold pieces.
You spent 482 gold pieces at shops.
You paid 655 gold pieces to Gozag.

Inventory:

Hand Weapons
 a - a +2 rapier of draining (weapon)
 g - a +0 shortbow
 k - a +1 dagger
 l - a +2 scimitar of flaming
 t - a +0 dagger of venom
 v - a +2 dagger of distortion
Missiles
 u - a curare-tipped dart (quivered)
Jewellery
 m - a +3 ring of strength (left tentacle)
 n - a +3 ring of strength (right tentacle)
Wands
 j - a wand of iceblast (1)
Scrolls
 h - 2 scrolls of blinking
 i - 2 scrolls of amnesia
 p - 3 scrolls of fear
 q - 2 scrolls of enchant weapon
 r - a scroll of identify
 w - a scroll of vulnerability
 x - 2 scrolls of immolation
 y - a scroll of holy word
Potions
 b - a potion of invisibility
 c - 3 potions of curing
 d - 5 potions of heal wounds
 e - 2 potions of haste
 f - 5 potions of magic
 o - a potion of might
 s - a potion of mutation


   Skills:
 - Level 8.3 Fighting
 - Level 8.5(10.5) Short Blades
 + Level 9.7(11.0) Long Blades
 - Level 8.7 Dodging
 + Level 23.9 Stealth
 + Level 9.2 Spellcasting
 + Level 10.0 Hexes
 + Level 6.1 Air Magic
 + Level 7.4 Poison Magic
 - Level 12.8 Evocations


You had 16 spell levels left.
You knew the following spells:

 Your Spells              Type           Power      Damage    Failure   Level
a - Ensorcelled Hibernat  Hex/Ice        58%        N/A       1%          2
b - Confusing Touch       Hex            49%        N/A       1%          3
c - Tukima's Dance        Hex            49%        N/A       1%          3
d - Poisonous Vapours     Pois/Air       72%        N/A       1%          2
e - Dazzling Flash        Conj/Hex       58%        N/A       2%          3

Your spell library contained the following spells:

 Spells                   Type           Power      Damage    Failure   Level
 Corpse Rot               Necr/Air       42%        N/A       3%          2


Dungeon Overview and Level Annotations

Branches:
Dungeon (1/1)

Altars:
Cheibriados
Dithmenos
Elyvilon
Fedhas
Gozag
Hepliaklqana
Kikubaaqudgha
Makhleb
Nemelex Xobeh
Okawaru
Qazlal
Ru
Sif Muna
Trog
Uskayaw
Vehumet
Wu Jian
Xom
Yredelemnul
Zin
The Shining One
Beogh
Jiyva
Lugonu

Shops:
D *[=:?


Innate Abilities, Weirdness & Mutations

You cannot wear most types of armour.
You are amphibious.
You can wear up to eight rings at the same time.
Your skin changes colour to match your surroundings (Stealth+).
Your rubbery body absorbs attacks. (AC +1, EV +1)
((You are camouflaged when in or above water. (Stealth+)))
You have tentacles for arms and can constrict up to eight enemies at once.


Message History

There is an entrance to Xuing's Book Boutique here.
You feel very sick.
You feel very sick.
You feel sick.
Items here: )) [[.
You feel sick.
Things that are here:
a +0 dagger; a +0 robe You feel sick.
Items here: )))))) [[[[[[.
You feel sick.
The ice devil disappears in a puff of smoke!
There is an open door to Orc:2 here.
You feel sick.
There is an entrance to Raschuka's Magic Scroll Boutique here.
You feel sick.
You feel sick.
You feel sick.
You are no longer poisoned.
The orange demon disappears in a puff of smoke!
Items here: )) [[.
Things that are here:
a +0 plate armour; a +0 flail
Things that are here:
a +0 chain mail; a +0 war axe
Things that are here:
a +0 chain mail; a +0 dire flail
Items here: )) [[.
The orc sorcerer wildly gestures.
You feel disoriented.
The orc sorcerer gestures at you while chanting.
You suddenly lose the ability to move!
The orc sorcerer gestures at you while chanting.
The bolt of fire hits you!
* * * LOW HITPOINT WARNING * * *
The orc sorcerer mumbles some strange words.
The orc sorcerer points at you and mumbles some strange words.
The bolt of negative energy hits you!!
You feel drained.
You die...
Your body crumbles into a pile of gold.

.)..'________________________'..†
▓▓▓▓▓▓▓▓▓▓▓▓▓▓▓▓▓▓▓▓▓▓▓▓▓▓▓▓▓▓▓▓▓
.................................
▓▓▓▓▓▓▓▓▓▓▓▓▓▓▓▓▓▓▓▓▓▓▓▓▓▓▓▓▓▓▓▓▓
....'.........'.........'......).
▓▓▓▓▓▓▓▓▓▓▓▓▓▓▓▓▓▓▓▓▓▓▓▓▓▓▓▓▓▓▓▓▓
.................................
▓▓▓▓▓▓▓▓▓▓▓▓▓▓▓▓▓▓▓▓▓▓▓▓▓▓▓▓▓▓▓▓▓
..)))'∩....3o[[[@['........)[)[)'
▓▓▓▓▓▓▓▓▓▓▓▓▓▓▓▓▓▓▓▓▓▓▓▓▓▓▓▓▓▓▓▓▓


You could see a sun demon (summoned) and an orc sorcerer (poisoned).

Vanquished Creatures
  A stone giant (D)
  A hydra (D)
  A centaur warrior (D)
  2 two-headed ogres (D)
  7 death yaks (D)
  Sonja (D)
  A skeletal warrior (D)
  A deep elf pyromancer (D)
  5 orc sorcerers (D)
  A manticore (D)
  An oklob plant (D)
  A black mamba (D)
  2 cane toads (D)
  A kobold demonologist (D)
  3 komodo dragons (D)
  A polar bear (D)
  A wyvern (D)
  A yak (D)
  A basilisk (D)
  A steam dragon (D)
  5 water moccasins (D)
  An ice beast (D)
  9 orc warriors (D)
  A wolf (D)
  An ogre (D)
  2 centaurs (D)
  A gnoll sergeant (D)
  2 bullfrogs (D)
  A killer bee (D)
  2 orc priests (D)
  A hound (D)
  5 orc wizards (D)
  An iguana (D)
  A dart slug (D)
  12 orcs (D)
  A ball python (D)
  2 endoplasms (D)
  A giant cockroach (D)
83 creatures vanquished.

Vanquished Creatures (others)
  2 orc wizards (D)
2 creatures vanquished.

Grand Total: 85 creatures vanquished

Notes
Turn   | Place    | Note
-------+----------+-------------------------------------------
     0 | D        | jt the Octopode Enchanter began the quest for the Orb.
     0 | D        | Reached XP level 1. HP: 11/11 MP: 3/3
     3 | D        | Banished a spatial maelstrom
     6 | D        | Reached skill level 5 in Stealth
     8 | D        | Reached skill level 6 in Stealth
    15 | D        | Reached XP level 2. HP: 14/17 MP: 5/5
    21 | D        | Noticed an ice beast
    21 | D        | Noticed a centaur
    21 | D        | Noticed an ogre
    24 | D        | Reached skill level 7 in Stealth
    24 | D        | Reached XP level 3. HP: 21/24 MP: 6/6
    25 | D        | Killed an ogre
    26 | D        | Reached skill level 9 in Stealth
    26 | D        | Reached XP level 4. HP: 29/33 MP: 7/7
    26 | D        | Reached XP level 5. HP: 32/37 MP: 8/8
    27 | D        | Killed a centaur
    28 | D        | Reached skill level 5 in Fighting
    28 | D        | Reached skill level 5 in Short Blades
    28 | D        | Reached skill level 5 in Dodging
    28 | D        | Reached skill level 10 in Stealth
    33 | D        | Killed an ice beast
    34 | D        | Reached skill level 11 in Stealth
    34 | D        | Reached XP level 6. HP: 46/46 MP: 9/9
   130 | D        | Found a snail-covered altar of Cheibriados.
   130 | D        | Found a shadowy altar of Dithmenos.
   130 | D        | Found a white marble altar of Elyvilon.
   130 | D        | Found a blossoming altar of Fedhas.
   130 | D        | Found an opulent altar of Gozag.
   131 | D        | Found a hazy altar of Hepliaklqana.
   132 | D        | Found a viscous altar of Jiyva.
   133 | D        | Found an ancient bone altar of Kikubaaqudgha.
   134 | D        | Found a corrupted altar of Lugonu.
   135 | D        | Found a burning altar of Makhleb.
   136 | D        | Found a sparkling altar of Nemelex Xobeh.
   137 | D        | Found an iron altar of Okawaru.
   138 | D        | Became a worshipper of Gozag Ym Sagoz the Greedy
   139 | D        | Found a stormy altar of Qazlal.
   140 | D        | Found a sacrificial altar of Ru.
   141 | D        | Found a shimmering blue altar of Sif Muna.
   142 | D        | Found a bloodstained altar of Trog.
   143 | D        | Found a hide-covered altar of Uskayaw.
   144 | D        | Found a radiant altar of Vehumet.
   145 | D        | Found an ornate altar of the Wu Jian Council.
   146 | D        | Found a shimmering altar of Xom.
   147 | D        | Found a basalt altar of Yredelemnul.
   148 | D        | Found a glowing silver altar of Zin.
   149 | D        | Found a glowing golden altar of the Shining One.
   178 | D        | Noticed a two-headed ogre
   178 | D        | Noticed a two-headed ogre
   178 | D        | Noticed a steam dragon
   180 | D        | Killed a steam dragon
   181 | D        | Reached XP level 7. HP: 53/53 MP: 10/10
   186 | D        | Killed a two-headed ogre
   187 | D        | Reached skill level 13 in Stealth
   187 | D        | Reached XP level 8. HP: 24/62 MP: 11/11
   192 | D        | Reached skill level 14 in Stealth
   195 | D        | Killed a two-headed ogre
   196 | D        | Reached skill level 16 in Stealth
   196 | D        | Reached XP level 9. HP: 28/67 MP: 12/12
   386 | D        | Noticed a manticore
   386 | D        | Noticed a centaur warrior
   386 | D        | Noticed a komodo dragon
   386 | D        | Noticed a kobold demonologist
   386 | D        | Noticed a deep elf pyromancer
   386 | D        | Noticed a skeletal warrior
   388 | D        | Killed a skeletal warrior
   389 | D        | Reached skill level 17 in Stealth
   391 | D        | Killed a deep elf pyromancer
   392 | D        | Reached skill level 18 in Stealth
   392 | D        | Reached skill level 10 in Evocations
   393 | D        | Killed a kobold demonologist
   394 | D        | Reached skill level 19 in Stealth
   395 | D        | Killed a komodo dragon
   397 | D        | Killed a centaur warrior
   398 | D        | Reached skill level 20 in Stealth
   398 | D        | Reached XP level 10. HP: 72/72 MP: 13/13
   399 | D        | Killed a manticore
   515 | D        | Learned a level 2 spell: Ensorcelled Hibernation
   519 | D        | Learned a level 3 spell: Confusing Touch
   523 | D        | Learned a level 3 spell: Tukima's Dance
   526 | D        | Learned a level 2 spell: Poisonous Vapours
   530 | D        | Learned a level 3 spell: Dazzling Flash
   543 | D        | Noticed a cane toad
   548 | D        | Reached skill level 1 in Long Blades
   555 | D        | Noticed a six-headed hydra
   565 | D        | Killed a cane toad
   566 | D        | Reached skill level 21 in Stealth
   863 | D        | Killed a five-headed hydra
   871 | D        | Reached skill level 5 in Hexes
  1082 | D        | Noticed a black mamba
  1082 | D        | Noticed a cane toad
  1082 | D        | Noticed an oklob plant
  1085 | D        | Reached skill level 5 in Spellcasting
  1086 | D        | Killed an oklob plant
  1087 | D        | Reached skill level 5 in Long Blades
  1088 | D        | Killed a cane toad
  1089 | D        | Reached XP level 11. HP: 78/78 MP: 17/19
  1095 | D        | Reached skill level 22 in Stealth
  1200 | D        | Noticed a death yak
  1200 | D        | Noticed a death yak
  1200 | D        | Noticed a death yak
  1200 | D        | Noticed a death yak
  1200 | D        | Noticed a death yak
  1201 | D        | Noticed a death yak
  1202 | D        | Killed a death yak
  1204 | D        | Noticed a death yak
  1212 | D        | Killed a death yak
  1223 | D        | Killed a death yak
  1224 | D        | Reached skill level 1 in Air Magic
  1227 | D        | Killed a death yak
  1236 | D        | Killed a death yak
  1237 | D        | Reached skill level 23 in Stealth
  1245 | D        | Killed a death yak
  1249 | D        | Killed a death yak
  1363 | D        | Noticed Sonja
  1369 | D        | Killed Sonja
  1370 | D        | Reached skill level 5 in Poison Magic
  1466 | D        | Noticed a stone giant
  1509 | D        | Killed a stone giant
  1510 | D        | Reached XP level 12. HP: 36/84 MP: 13/24
  1736 | D        | Reached skill level 5 in Air Magic
  1987 | D        | Found Xuing's Book Boutique.
  1997 | D        | Bought a scroll of vulnerability for 142 gold pieces
  1997 | D        | Bought a scroll of immolation for 66 gold pieces
  1997 | D        | Bought a scroll of immolation for 66 gold pieces
  1997 | D        | Bought a scroll of fear for 66 gold pieces
  1997 | D        | Bought a scroll of holy word for 142 gold pieces
  2002 | D        | Found Qiclilym's Jewellery Shop.
  2326 | D        | Found Loxauq's Antique Armour Boutique.
  2330 | D        | Found Leom's Assorted Antiques.
  2342 | D        | Reached skill level 10 in Hexes
  2372 | D        | Paralysed by an orc sorcerer for 7 turns
  2376 | D        | Noticed a sun demon
  2378 | D        | Killed from afar by an orc sorcerer

Illustrated notes

Levels and vault maps discovered:
D:        linesprint [early_d, line_temple, items_1, d_10, items_2, lair_1,
          lair_end, items_3, orc_1, orc_end, items_4, d_15, swamp_1, shoals_1,
          snake_1, spider_1, d_20, vaults_1, items_5, swamp_end, shoals_end,
          snake_end, spider_end, vaults_end, d_27, items_6, zot_1, zot_end,
          crypt_end, forest_end, elf_end, slime_end, tomb_end, abyss_end,
          pan_hell_end]

Skill      XL: |  1  2  3  4  5  6  7  8  9 10 11 12 |
---------------+-------------------------------------+-----
Stealth        | 6 7 9 11 13 16 20 21 23 | 23.9
Fighting       | 2 4 6 8 |  8.3
Short Blades   | 2 4 6 7 8 |  8.5
Dodging        | 3 4 6 7 8 |  8.7
Evocations     | 7 12 | 12.8
Long Blades    | 5 8 9 |  9.7
Spellcasting   | 5 8 9 |  9.2
Hexes          | 6 9 10 | 10.0
Air Magic      | 4 6 |  6.1
Poison Magic   | 5 7 |  7.4

Action                   |  1- 3 |  4- 6 |  7- 9 | 10-12 || total
-------------------------+-------+-------+-------+-------++-------
Melee: Dagger            |    13 |     5 |       |       ||    18
       Tentacles         |     3 |     2 |     3 |    35 ||    43
       Constrict         |     2 |       |     2 |    20 ||    24
       Rapier            |       |     1 |    15 |   151 ||   167
       Scimitar          |       |       |       |     3 ||     3
       Punch             |       |       |       |     2 ||     2
Throw: Dart              |       |       |       |     2 ||     2
 Cast: Ensorcelled Hiber |       |       |       |    21 ||    21
       Confusing Touch   |       |       |       |     1 ||     1
       Poisonous Vapours |       |       |       |    18 ||    18
       Dazzling Flash    |       |       |       |     2 ||     2
Invok: Call Merchant     |       |       |       |     1 ||     1
Evoke: Wand              |       |       |     2 |     7 ||     9
  Use: Potion            |       |     2 |     1 |     8 ||    11
       Scroll            |       |       |       |     1 ||     1
 Stab: Sleeping          |     4 |     3 |     5 |    25 ||    37
       Invisible         |       |       |     3 |    12 ||    15
       Confused          |       |       |       |     1 ||     1
Armor: Skin              |     1 |       |     1 |     2 ||     4
Dodge: Dodged            |     4 |       |     5 |    77 ||    86

Table legend: (Time is in decaauts)
 A = Elapsed time spent in this place.
 B = Non-inter-level travel time spent in this place.
 C = Inter-level travel time spent in this place.
 D = Time resting spent in this place.
 E = Time spent auto-exploring this place.
 F = Levels seen in this place.
 G = Mean time per level.
                   A        B        C        D        E       F      G
               +--------+--------+--------+--------+--------+-----+--------+
         Total |   2336 |   2313 |     23 |   1408 |      0 |   1 | 2336.0 |
       Dungeon |   2336 |   2313 |     23 |   1408 |      0 |   1 | 2336.0 |
               +--------+--------+--------+--------+--------+-----+--------+

Top non-repeatable levels by time:
       D: 2336 daAuts
